 Dungeon Crawl Stone Soup version 0.30-a0-297-g0ec75d9ef4 (webtiles) character file.

Game seed: 5624191193581140883

5684 purpskrrrp the Skirmisher (level 10, -3/68 HPs)
             Began as a Barachi Hunter on Oct 18, 2022.
             Was a Priest of Makhleb.
             Slain by a vampire (8 damage)
             ... on level 9 of the Dungeon.
             The game lasted 00:19:36 (6471 turns).

purpskrrrp the Skirmisher (Barachi Hunter)          Turns: 6471, Time: 00:19:37

Health: -3/68      AC:  8    Str: 12    XL:     10   Next: 75%
Magic:  12/12      EV: 12    Int:  9    God:    Makhleb [***...]
Gold:   544        SH:  0    Dex: 23    Spells: 6/9 levels left

rFire   . . .      SeeInvis .    i - +1 hand crossbow
rCold   + + .      Faith    .    (no shield)
rNeg    . . .      Spirit   .    J - +0 acid dragon scales
rPois   .          Reflect  +    (helmet restricted)
rElec   .          Harm     .    E - scarf {rC+ rF+}
rCorr   +          Rampage  .    d - +0 pair of gloves
Will    .....                    m - +0 pair of boots
Stlth   +.........               H - amulet of reflection
HPRegen 0.31/turn                e - ring of resist corrosion
MPRegen 0.13/turn                h - ring of ice

@: confused, slow
A: amphibious, slowness 1, strong legs 1, +LOS, horns 1, agile 1, low MP 1
a: Hop, Renounce Religion, Minor Destruction, Lesser Servant of Makhleb


You were on level 9 of the Dungeon.
You worshipped Makhleb.
Makhleb was most pleased with you.
You visited 1 branch of the dungeon, and saw 9 of its levels.
You also visited: Sewer and Ossuary.

You collected 544 gold pieces.

Inventory:

Hand Weapons
 a - a +0 shortbow
 i - a +1 hand crossbow (weapon)
Missiles
 I - 2 throwing nets
Armour
 c - a +0 leather armour
 d - a +0 pair of gloves (worn)
 m - a +0 pair of boots (worn)
 n - a +0 helmet
 q - a +2 troll leather armour {Pargi}
 A - a +1 cloak
 E - a scarf of resistance (worn)
 J - +0 acid dragon scales (worn)
Jewellery
 e - a ring of resist corrosion (left hand)
 h - a ring of ice (right hand)
 y - an amulet of faith
 H - an amulet of reflection (around neck)
Wands
 l - a wand of digging (3)
 r - a wand of charming (3)
 G - a wand of mindburst (5)
Scrolls
 b - 2 scrolls of immolation
 g - a scroll of fear
 s - 2 scrolls of poison
 w - 4 scrolls of teleportation
 C - a scroll of fog
 F - a scroll of blinking
Potions
 f - a potion of brilliance
 j - 2 potions of resistance
 k - 2 potions of mutation
 o - 3 potions of magic
 p - a potion of cancellation
 t - 6 potions of attraction
 u - 5 potions of heal wounds
 v - a potion of berserk rage
 x - a potion of degeneration
 z - 6 potions of curing
 B - a potion of ambrosia
 D - 2 potions of haste


   Skills:
 - Level 2.4 Fighting
 * Level 12.5 Ranged Weapons
 - Level 2.1 Dodging
 + Level 8.4 Stealth
 + Level 5.2 Invocations


You had 6 spell levels left.
You knew the following spells:

 Your Spells              Type           Power      Damage    Failure   Level
a - Swiftness             Air            0%         N/A       88%         3

Your spell library contained the following spells:

 Spells                   Type           Power      Damage    Failure   Level
 Necrotise                Necr           0%         1d4       52%         1
 Ensorcelled Hibernation  Hex/Ice        0%         N/A       67%         2
 Passwall                 Tmut/Erth      0%         N/A       67%         2
 Vampiric Draining        Necr           0%         2d6       88%         3
 Airstrike                Air            0%         2d(0-16)  99%         4
 Summon Lightning Spire   Summ/Air       0%         N/A       99%         4
 Agony                    Necr           0%         N/A       100%        5
 Lightning Bolt           Conj/Air       0%         1d11      100%        5


Dungeon Overview and Level Annotations

Branches:
Dungeon (9/15)             Temple (0/1) D:7           Sewer (visited)
Ossuary (visited)
   Lair: D:8-11         Orc: D:9-12

Altars:
Dithmenos
Gozag
Makhleb
Nemelex Xobeh
Qazlal

Shops:
D:7 :

Annotations:
D:7 2 transporters, koil's ghost, novice SpEn


Innate Abilities, Weirdness & Mutations

You are amphibious.
You cover ground slowly.
You can hop short distances.
You have an extended range of vision and can be seen from far away.
You have a pair of small horns on your head.
You are agile. (Dex +4, Str/Int -1)
Your magical capacity is low. (-10% MP)


Message History

No target in view!
No target in view!
Fire: i) +1 hand crossbow
Press: ? - help, Q - select action, (/) - cycle Shift-Dir - straight line, f - you Really target yourself? [Y]es or [N]o only, please.
Really target yourself?
Okay, then.
Something hits you but does no damage. Something bites you.
Something draws strength from your injuries!
Fire: i) +1 hand crossbow
Press: ? - help, Q - select action, (/) - cycle Shift-Dir - straight line You shoot a bolt.
You block something's attack. x2
Fire: i) +1 hand crossbow
Press: ? - help, Q - select action, (/) - cycle Shift-Dir - straight line You shoot a bolt.
Something hits you! Something bites you!
Something draws strength from your injuries!
Fire: i) +1 hand crossbow
Press: ? - help, Q - select action, (/) - cycle Shift-Dir - straight line You shoot a bolt.
Something hits you. Something bites you but does no damage.
You hear some strange, mumbled words.
You are confused.
Okay, then.
You bump into the rock wall.
Something hits you but does no damage. Something bites you.
* * * LOW HITPOINT WARNING * * *
Something draws strength from your injuries!
You bump into the rock wall.
Something hits you.
* * * LOW HITPOINT WARNING * * *
Something barely misses you. Something hits you but does no damage.
Something bites you but does no damage.
You bump into the rock wall.
Something hits you but does no damage. Something bites you!
* * * LOW HITPOINT WARNING * * *
Something draws strength from your injuries!
You bump into the rock wall.
Something hits you!
You die...

#.).# #. #...# ..
#...# .#
.#####...####.#
...........#..#
##
..........##..#..
..........##...
..........##{#
...........@.#
..........####
..........#
..........#
..........#
.........#
.........#
##########


There were no monsters in sight!

Vanquished Creatures
  Pikel (D:4)
  A manticore (D:7)
  A hornet (D:8)
  Prince Ribbit (D:7)
  A wraith (Ossuary)
  3 humans (D:6)
  A steam dragon (D:8)
  Menkaure (D:5)
  2 acid dragons
  2 water moccasins
  Duvessa (D:6)
  An orc warrior (D:8)
  2 ice beasts
  A sky beast (D:7)
  3 black bears
  Pargi (Sewer)
  2 ogres
  A centaur (D:5)
  2 lemures (D:4)
  A phantom (D:4)
  2 bullfrogs (D:7)
  A scorpion (D:4)
  A gnoll sergeant (D:8)
  2 necrophages (D:6)
  12 wights
  Dowan (D:6)
  2 howler monkeys
  An electric eel (D:8)
  A human zombie (Ossuary)
  4 jellies
  2 orc priests (D:6)
  3 hounds
  A gnoll bouda (D:6)
  Crazy Yiuf (D:4)
  2 iguanas
  Natasha (thrice) (D:2)
  An orc wizard (D:8)
  3 mummies (Ossuary)
  7 gnolls
  A river rat (D:3)
  12 adders
  A shadow imp (D:8)
  A white imp (D:6)
  An ufetubus (D:6)
  3 worms
  3 dart slugs
  4 orcs
  5 bats
  8 endoplasms
  5 giant cockroaches
  12 goblins
  8 hobgoblins
  8 kobolds
  3 quokkas
  6 ball pythons
  2 frilled lizards
  4 goblin zombies (Ossuary)
  5 hobgoblin zombies (Ossuary)
  2 kobold zombies (Ossuary)
  2 rats (D:3)
175 creatures vanquished.

Vanquished Creatures (collateral kills)
  A wight (D:7)
  A howler monkey (D:7)
2 creatures vanquished.

Grand Total: 177 creatures vanquished

Notes
Turn   | Place    | Note
-------+----------+-------------------------------------------
     0 | D:1      | purpskrrrp the Barachi Hunter began the quest for the Orb.
     0 | D:1      | Reached XP level 1. HP: 17/17 MP: 1/1
    18 | D:1      | Reached skill level 1 in Stealth
    51 | D:1      | Found a faded altar of an unknown god.
    58 | D:1      | Reached XP level 2. HP: 20/23 MP: 2/2
    88 | D:1      | Prayed at the altar of an unknown god.
    88 | D:1      | Became a worshipper of Makhleb the Destroyer
    88 | D:1      | Reached * piety under Makhleb
   319 | D:1      | Reached XP level 3. HP: 21/28 MP: 3/3
   546 | D:2      | Reached skill level 5 in Ranged Weapons
   868 | D:2      | Reached XP level 4. HP: 34/34 MP: 4/4
  1001 | D:2      | Noticed Natasha
  1006 | D:2      | Killed Natasha
  1080 | D:2      | Noticed Natasha
  1086 | D:2      | Killed Natasha
  1245 | D:2      | Noticed Natasha
  1255 | D:2      | Killed Natasha
  1256 | D:2      | Reached XP level 5. HP: 28/39 MP: 5/5
  1803 | D:3      | Reached ** piety under Makhleb
  1866 | D:3      | Reached skill level 6 in Ranged Weapons
  1876 | D:3      | Found a glowing drain.
  1887 | Sewer    | Entered a sewer
  1930 | Sewer    | Noticed Pargi
  1938 | Sewer    | Killed Pargi
  1939 | Sewer    | Reached XP level 6. HP: 45/46 MP: 6/6
  2318 | D:3      | Reached skill level 7 in Ranged Weapons
  2320 | D:3      | Reached XP level 7. HP: 32/51 MP: 7/7
  2340 | D:4      | Found a sand-covered staircase.
  2355 | Ossuary  | Entered an ossuary
  2355 | Ossuary  | Noticed a wraith
  2355 | Ossuary  | Noticed a wraith
  2355 | Ossuary  | Noticed a wraith
  2677 | Ossuary  | Noticed a wraith
  2696 | Ossuary  | Killed a wraith
  2696 | Ossuary  | Reached *** piety under Makhleb
  2885 | D:4      | Reached skill level 8 in Ranged Weapons
  3013 | D:4      | Found a runed translucent door.
  3014 | D:4      | Noticed Crazy Yiuf
  3079 | D:4      | Reached skill level 5 in Stealth
  3079 | D:4      | Reached XP level 8. HP: 57/57 MP: 8/8
  3122 | D:4      | Noticed Pikel
  3135 | D:4      | Killed Pikel
  3136 | D:4      | Reached skill level 9 in Ranged Weapons
  3352 | D:4      | Gained mutation: You passively map a small area around you.
                  | [potion of mutation]
  3352 | D:4      | Gained mutation: Your muscles are strong. (Str +4, Int/Dex
                  | -1) [potion of mutation]
  3352 | D:4      | Gained mutation: You have hidden genetic defects. [potion
                  | of mutation]
  3358 | D:4      | Killed Crazy Yiuf
  3423 | D:5      | Entered Level 5 of the Dungeon
  3423 | D:5      | Noticed Menkaure
  3425 | D:5      | Killed Menkaure
  3426 | D:5      | Reached skill level 1 in Invocations
  3479 | D:5      | Gained mutation: Your magical capacity is low. (-10% MP)
                  | [hidden defects]
  3491 | D:5      | Reached XP level 9. HP: 47/62 MP: 9/9
  3530 | D:5      | Reached skill level 10 in Ranged Weapons
  3730 | D:5      | Found a sparkling altar of Nemelex Xobeh.
  3737 | D:5      | Found a shadowy altar of Dithmenos.
  3894 | D:5      | Gained mutation: Armour fits poorly on your strangely
                  | shaped body. [hidden defects]
  3894 | D:5      | Lost mutation: You have hidden genetic defects. [hidden
                  | defects expressed]
  4089 | D:6      | Found a stormy altar of Qazlal.
  4179 | D:6      | Reached **** piety under Makhleb
  4252 | D:6      | Reached skill level 11 in Ranged Weapons
  4549 | D:6      | Noticed Dowan
  4551 | D:6      | Noticed Duvessa
  4552 | D:6      | Killed Dowan
  4560 | D:6      | Killed Duvessa
  4595 | D:6      | Found an opulent altar of Gozag.
  4617 | D:6      | Reached XP level 10. HP: 68/68 MP: 11/11
  4743 | D:6      | Learned a level 3 spell: Swiftness
  4766 | D:7      | Noticed Prince Ribbit
  4775 | D:7      | Killed Prince Ribbit
  4797 | D:7      | Found Tuqedua's Book Shop.
  4890 | D:7      | Found a staircase to the Ecumenical Temple.
  4942 | D:7      | Noticed a manticore
  4948 | D:7      | Killed a manticore
  4988 | D:7      | Noticed a boulder beetle
  4988 | D:7      | Noticed koil's ghost (novice SpEn)
  5000 | D:7      | Noticed a cyclops
  5024 | D:7      | Found a transporter.
  5030 | D:7      | Found a transporter.
  5040 | D:7      | Reached skill level 12 in Ranged Weapons
  5075 | D:7      | Identified the +10 mace "Gubb" {freeze, Will+ Str+4 Dex-2
                  | Stlth+}
  5506 | D:7      | Lost mutation: You passively map a small area around you.
                  | [potion of mutation]
  5506 | D:7      | Lost mutation: Your muscles are strong. (Str +4, Int/Dex
                  | -1) [potion of mutation]
  5506 | D:7      | Gained mutation: You have a beak for a mouth. [potion of
                  | mutation]
  5506 | D:7      | Gained mutation: Your spells are a little harder to cast,
                  | but a little more powerful. [potion of mutation]
  5507 | D:7      | Lost mutation: You have a beak for a mouth. [potion of
                  | mutation]
  5507 | D:7      | Lost mutation: Your spells are a little harder to cast, but
                  | a little more powerful. [potion of mutation]
  5507 | D:7      | Gained mutation: You have sharp toenails. [potion of
                  | mutation]
  5508 | D:7      | Lost mutation: You have sharp toenails. [potion of
                  | mutation]
  5508 | D:7      | Lost mutation: Armour fits poorly on your strangely shaped
                  | body. [potion of mutation]
  5508 | D:7      | Gained mutation: You are agile. (Dex +4, Str/Int -1)
                  | [potion of mutation]
  5508 | D:7      | Gained mutation: You have a pair of small horns on your
                  | head. [potion of mutation]
  5873 | D:8      | Reached skill level 5 in Invocations
  6471 | D:9      | Slain by a vampire

Illustrated notes

Levels and vault maps discovered:
D:1:      eino_arrival_tree_alley, layout_basic,
          ebering_ecumenical_altar_sacrificial
D:2:      layout_loops_cross, uniq_natasha
D:3:      layout_basic, gup_sewer_entry_bubbles, minmay_ogre_servants
D:4:      layout_basic, lightli_ossuary_entry_decrepit_ruins,
          kennysheep_doodads, uniq_pikel, uniq_crazy_yiuf_cottage
D:5:      layout_rooms, amethyst_overflow_temple_binary, uniq_menkaure
D:6:      layout_loops_cross, mainiacjoe_overflow_24_doors, grunt_gozag_statues,
          minmay_ruffians, uniq_duvessa
D:7:      layout_basic, minmay_temple_entry_glass, nzn_ghost_randoct,
          serial_shops, shop_statue, grunt_ministairs_1, uniq_prince_ribbit1
D:8:      layout_basic, serial_rivers, chequers_serial_rivers_room_b,
          chequers_serial_rivers_micro_b, chequers_serial_rivers_small_b,
          chequers_serial_rivers_marsh
D:9:      minmay_evil_eye, layout_small_grid, jmf_multi_god_temple2

Skill      XL: |  1  2  3  4  5  6  7  8  9 10 |
---------------+-------------------------------+-----
Stealth        | 1 2 3 4 5 6 7 8 |  8.4
Ranged Weapons | 5 6 7 8 9 11 12 | 12.5
Invocations    | 1 3 5 |  5.2
Fighting       | |  2.4
Dodging        | |  2.1

Action                   |  1- 3 |  4- 6 |  7- 9 | 10-12 || total
-------------------------+-------+-------+-------+-------++-------
 Fire: Shortbow          |    70 |    39 |       |       ||   109
       Hand crossbow     |       |    69 |   257 |   125 ||   451
Invok: Minor Destruction |       |     1 |     1 |       ||     2
       Lesser Servant of |       |       |       |     1 ||     1
 Abil: Hop               |       |     2 |     3 |     1 ||     6
  Use: Scroll            |       |    10 |    12 |     2 ||    24
       Potion            |       |       |     3 |     3 ||     6
Armor: Leather armour    |     8 |    17 |       |       ||    25
       Troll leather arm |       |     6 |    42 |    21 ||    69
       Acid dragon scale |       |       |       |     6 ||     6
Dodge: Dodged            |    10 |    62 |   102 |    34 ||   208
Block: Other             |       |       |       |     2 ||     2

Table legend: (Time is in decaauts)
 A = Elapsed time spent in this place.
 B = Non-inter-level travel time spent in this place.
 C = Inter-level travel time spent in this place.
 D = Time resting spent in this place.
 E = Time spent auto-exploring this place.
 F = Levels seen in this place.
 G = Mean time per level.
                   A        B        C        D        E       F      G
               +--------+--------+--------+--------+--------+-----+--------+
         Total |   7779 |   7466 |    313 |    255 |   5220 |  11 |  707.2 |
       Dungeon |   7046 |   6733 |    313 |    230 |   4821 |   9 |  782.9 |
         Sewer |    164 |    164 |      0 |      0 |     88 |   1 |  164.0 |
       Ossuary |    568 |    568 |      0 |     25 |    310 |   1 |  568.0 |
               +--------+--------+--------+--------+--------+-----+--------+

Top non-repeatable levels by time:
     D:2: 1032 daAuts
     D:8: 964 daAuts
     D:6: 960 daAuts
     D:7: 952 daAuts
     D:3: 933 daAuts
     D:4: 821 daAuts
     D:1: 626 daAuts
     D:5: 621 daAuts
 Ossuary: 568 daAuts
   Sewer: 164 daAuts
     D:9: 134 daAuts
